 Dungeon Crawl Stone Soup version 0.17-a0-791-g233d389 (webtiles) character file.

618 neocow the Twirler (level 7, -11/44 HPs)
             Began as a Gargoyle Gladiator on May 13, 2015.
             Mangled by a gnoll
             ... wielding a +0 halberd
              (13 damage)
             ... on level 5 of the Dungeon.
             The game lasted 00:12:25 (2645 turns).

neocow the Twirler (Gargoyle Gladiator)             Turns: 2645, Time: 00:12:25

Health: -11/44     AC: 10    Str: 21    XL:     7   Next: 45%
Magic:  7/7        EV: 16    Int: 13    God:
Gold:   146        SH:  0    Dex: 10    Spells: 0 memorised, 6 levels left

rFire  . . .     SeeInvis .     a - +0 quarterstaff
rCold  . . .     Clarity  .     b - +0 leather armour
rNeg   + . .     SustAb   .     (no shield)
rPois  ∞         Gourm    .     c - +0 helmet
rElec  +         Spirit   .     (no cloak)
rCorr  .         Warding  .     (no gloves)
rMut   +         Stasis   .     n - +0 pair of boots
MR     .....                    h - amulet of resist mutation
Stlth  +.........               (no ring)
                                k - +3 ring of evasion

@: brilliant, not resistant to hostile enchantments, very unstealthy
A: negative energy resistance 1, electricity resistance, unbreathing,
petrification resistance, rot immunity, AC +4
a: no special abilities


You were on level 5 of the Dungeon.
You were not hungry.

You visited 1 branch of the dungeon, and saw 5 of its levels.

You collected 146 gold pieces.

Inventory:

Hand weapons
 a - a +0 quarterstaff (weapon)
 x - a +2 dagger of venom
 B - a +0 blowgun
Missiles
 d - 3 throwing nets
 r - 158 stones (quivered)
 y - 38 poisoned needles
Armour
 b - a +0 leather armour (worn)
 c - a +0 helmet (worn)
 n - a +0 pair of boots (worn)
Jewellery
 h - an amulet of resist mutation (around neck)
 k - a +3 ring of evasion (left hand)
 o - a cursed ring of teleportation {unknown}
Scrolls
 f - a scroll of fear {unknown}
 j - 4 scrolls of teleportation {unknown}
 p - a scroll of immolation {unknown}
 s - 4 scrolls of remove curse {unknown}
 v - 2 scrolls of random uselessness {unknown}
 z - a scroll of fog {unknown}
 A - 4 scrolls of identify {unknown}
 G - 2 scrolls of noise {unknown}
Potions
 i - a potion of curing
 m - a potion of heal wounds {unknown}
 q - 2 potions of brilliance
 u - a potion of poison
 w - a potion of degeneration {unknown}
 D - a potion of berserk rage {unknown}
 E - a potion of restore abilities {unknown}
 F - a potion of might {unknown}
Comestibles
 e - 4 bread rations
 g - 2 meat rations
 l - 2 fruits
 t - a slice of pizza


   Skills:
 + Level 4.3 Fighting
 + Level 4.9 Staves
 + Level 2.2 Throwing
 + Level 2.8 Armour
 + Level 4.4 Dodging
 + Level 1.9 Stealth


You had 6 spell levels left.
You didn't know any spells.

Dungeon Overview and Level Annotations

Branches:
Dungeon (5/15)
 Temple: D:4-7

Altars:
Fedhas
Ru
Yredelemnul


Innate Abilities, Weirdness & Mutations

You are resistant to torment.
Your stone body is resilient (AC +4).
You are immune to poison.
You resist negative energy.
You are resistant to electric shocks.
You can survive without breathing.
You are immune to petrification.
You are immune to rotting.


Message History

You closely miss something. Something hits you but does no damage.
The gnoll barely misses you.
You miss something. Something hits you but does no damage.
Something hits you but does no damage.
The gnoll hits you from afar with a halberd.
* * * LOW HITPOINT WARNING * * *
You hit something. Something closely misses you.
Something hits you but does no damage. The gnoll misses you.
You miss something. Something barely misses you.
You closely miss something. Something hits you but does no damage.
The gnoll closely misses you.
You hear some strange, mumbled words.
A magic dart appears from out of thin air!
The magic dart hits you!
* * * LOW HITPOINT WARNING * * *
Something hits you but does no damage.
You hit something but do no damage. Something hits you.
* * * LOW HITPOINT WARNING * * *
The gnoll hits you from afar with a halberd!
You die...

#.#######.# #.##..###+#+###...
#.# #.# #.###.(...#)....#
##.#######.####.###...#.# #...#
#.....)...........#...#####...#
##..#######.####o###...#_#.#$..#
....#######.####.###.....#.g...#
................g....≈≈≈'#g###...
###.........####{#...≈g..#...#...
########### #@##..≈..†....#...
#.##.≈≈≈≈...####.#
#.....≈.......# .#
###...≈.......# #....########
######


You could see a gnoll and an orc.

Vanquished Creatures
  A centaur (D:5)
  2 ogres
  A scorpion (D:5)
  A crimson imp (D:5)
  A gnoll shaman (D:5)
  5 worker ants
  A hound (D:4)
  A hound skeleton (D:4)
  2 gnolls (D:5)
  3 adders
  A worm (D:2)
  An orc (D:5)
  A bat skeleton (D:5)
  3 giant cockroaches
  2 hobgoblins (D:1)
  2 quokkas
  9 bats
  A giant gecko (D:3)
  5 giant newts
  7 goblins
  8 kobolds
  13 rats
71 creatures vanquished.

Notes
Turn   | Place    | Note
--------------------------------------------------------------
     0 | D:1      | neocow, the Gargoyle Gladiator, began the quest for the Orb.
     0 | D:1      | Reached XP level 1. HP: 12/12 MP: 1/1
   204 | D:1      | Reached XP level 2. HP: 12/18 MP: 2/2
   718 | D:2      | Found a basalt altar of Yredelemnul.
   731 | D:2      | Reached XP level 3. HP: 22/22 MP: 3/3
  1508 | D:4      | Reached skill level 1 in Armour
  1508 | D:4      | Reached XP level 4. HP: 17/27 MP: 4/4
  1534 | D:4      | Found a blossoming altar of Fedhas.
  1649 | D:4      | Reached XP level 5. HP: 25/32 MP: 5/5
  1884 | D:4      | Noticed an ogre
  1922 | D:4      | Killed an ogre
  1922 | D:4      | Reached skill level 4 in Staves
  1922 | D:4      | Reached skill level 1 in Stealth
  1922 | D:4      | Reached XP level 6. HP: 11/38 MP: 6/6
  2140 | D:5      | Entered Level 5 of the Dungeon
  2297 | D:5      | Reached XP level 7. HP: 23/43 MP: 7/7
  2430 | D:5      | Found a basalt altar of Yredelemnul.
  2526 | D:5      | Found a sacrificial altar of Ru.
  2645 | D:5      | HP: 2/44 [something (3)]
  2645 | D:5      | Mangled by a gnoll

Action                   |  1- 3 |  4- 6 |  7- 9 || total
-------------------------+-------+-------+-------++-------
Melee: Quarterstaff      |   135 |   101 |    82 ||   318
 Fire: Blowgun           |       |     5 |       ||     5
Throw: Stone             |       |       |     6 ||     6
  Use: Potion            |       |       |     5 ||     5
 Stab: Sleeping          |       |     1 |       ||     1
  Eat: Chunk             |     2 |     3 |     1 ||     6
